Map: Arctic Dream LE

Players

Massa

  • Race: Terran Terran
  • League: Platinum
  • Spawn Location: 6:00

qqq

  • Race: Zerg Zerg
  • League: Platinum
  • Spawn Location: 5:00

julien

  • Race: Protoss Protoss
  • League: Diamond
  • Spawn Location: 11:00

Razaac

  • Race: Terran Terran
  • League: Diamond
  • Spawn Location: 12:00

VOD

Have the link to the VOD?

Description

Time

  • Played on: Nov. 24, 2020, 3:32 p.m.
  • Length: 15:32
Show
View Real Time Build Order
Export as new Build Order

Massa Terran 

Build Orders:  

Get SALT Encoding   

  12  0:00  SCV  
  13  0:12  SCV  
  14  0:17  Supply Depot  
  14  0:24  SCV  
  15  0:38  SCV  
  15  0:40  Barracks  
  16  0:48  Refinery  
  16  0:51  SCV  
  16  0:56  Supply Depot  
  17  1:03  SCV  
  18  1:15  SCV  
  19  1:28  Marine  
  19  1:31  Orbital Command  
  20  1:55  Reaper, Command Center  
  20  1:58  SCV  
  22  2:13  SCV  
  23  2:21  Factory  
  23  2:25  SCV  
  23  2:28  Refinery  
  24  2:34  Barracks Tech Lab  
  25  2:37  SCV  
  25  2:49  SCV  
  26  2:51  Refinery  
  26  2:54  Marine  
  27  3:01  SCV  
  27  3:29  Starport  
  27  3:32  Barracks  
  27  3:34  Engineering Bay  
  27  3:37  Barracks  
  25  3:43  SCV  
  25  3:44  Orbital Command  
  22  3:55  SCV  
  22  4:07  SCV  
  18  4:11  Marine  
  17  4:19  SCV  
  18  4:28  Marine  
  19  4:31  SCV  
  20  4:40  Missile Turret  
  20  4:46  Marine, Missile Turret  
  20  4:49  Medivac  
  23  4:53  Siege Tank  
  20  5:16  SCV x2  
  22  5:28  SCV x2  
  24  5:38  Medivac  
  26  5:57  Cyclone  
  29  5:59  Marine x3  
  32  6:16  Marine  
  32  6:17  Marine x2, Missile Turret  
  35  6:21  Missile Turret  
  35  6:26  SCV x2  
  35  6:29  Cyclone  
  40  6:34  Marine x2  
  40  6:35  Marine  
  40  6:38  SCV x2  
  45  6:50  SCV  
  46  7:12  SCV  
  44  7:16  Cyclone  
  44  7:45  Marine x2  
  46  7:55  Supply Depot  
  46  8:16  Marine  
  46  8:17  SCV x2, Starport Reactor  
  51  8:20  Barracks Tech Lab  
  51  8:22  Barracks Reactor  
  49  8:29  SCV x2  
  49  8:33  Missile Turret  
  51  8:36  Missile Turret  
  51  8:41  SCV x2, Missile Turret  
  53  8:46  Marine  
  54  8:55  Supply Depot  
  54  8:56  Supply Depot  
  54  8:57  Supply Depot  
  54  9:00  Supply Depot  
  54  9:05  Marine x2  
  53  9:13  Viking  
  49  9:28  Cyclone  
  37  9:57  Marine x4  
  41  10:14  Marine x2  
  41  10:15  Marine  
  28  10:37  Missile Turret  
  28  10:38  Missile Turret x2  
  28  10:40  Factory, Missile Turret  
  26  11:00  Missile Turret  
  25  11:34  Factory Tech Lab  
  25  11:37  Armory  
  25  11:45  Barracks  
  25  11:53  Command Center  
  21  11:55  Orbital Command  
  21  11:57  Barracks  
  21  11:59  Barracks  
  21  12:01  Barracks  
  21  12:03  Barracks  
  21  12:06  Barracks  
  21  12:28  Factory Tech Lab  
  19  12:45  Orbital Command  
  5  13:13  Command Center  
  4  13:30  SCV  
  5  13:45  SCV  
  5  13:47  Factory Tech Lab  
  6  13:57  SCV  
  7  14:09  Cyclone, SCV  
  11  14:21  SCV  
  12  14:26  SCV  
  14  14:38  SCV  
  14  14:45  Cyclone  
  16  14:46  SCV  
  16  14:50  SCV  
  18  14:58  SCV  
  19  15:09  Refinery  
  19  15:10  SCV  
  20  15:17  Barracks  
Show
View Real Time Build Order
Export as new Build Order

qqq Zerg 

Build Orders: Hatch First, Zergling Baneling 

Get SALT Encoding   

  12  0:01  Drone  
  13  0:08  Drone  
  14  0:27  Overlord  
  14  0:43  Hatchery  
  14  0:47  Drone  
  14  0:51  Drone  
  14  0:55  Drone  
  16  1:14  Spawning Pool  
  16  1:16  Extractor  
  14  1:23  Drone x2  
  16  1:32  Drone  
  17  1:55  Drone  
  17  1:56  Drone  
  17  2:01  Drone  
  20  2:02  Drone  
  21  2:20  Metabolic Boost  
  21  2:21  Queen  
  21  2:22  Queen  
  23  2:29  Zergling x6  
  28  2:33  Overlord  
  27  2:40  Overlord  
  27  2:45  Baneling Nest  
  27  2:48  Drone  
  27  2:51  Drone  
  28  2:58  Zergling x2  
  29  2:59  Drone  
  30  3:05  Zergling x2  
  30  3:07  Drone  
  32  3:13  Zergling x2  
  32  3:14  Drone  
  34  3:20  Drone  
  35  3:28  Zergling x2  
  35  3:32  Drone  
  35  3:33  Zergling x4  
  39  3:34  Zergling x2  
  39  3:35  Zergling x2, Overlord  
  39  3:40  Spore Crawler  
  40  3:44  Zergling x2, Spore Crawler  
  40  3:47  Drone  
  41  3:50  Zergling x2  
  41  3:55  Baneling x2  
  42  3:56  Baneling x2  
  42  3:57  Baneling  
  42  3:58  Baneling  
  42  4:00  Zergling x2  
  42  4:01  Zergling x2  
  44  4:04  Zergling x2  
  44  4:06  Zergling x2  
  44  4:09  Zergling x2  
  47  4:19  Zergling x2  
  47  4:20  Zergling x6  
  47  4:21  Zergling x2  
  52  4:37  Baneling x3  
  52  4:38  Baneling x4  
  49  4:39  Zergling x4  
  49  4:40  Zergling x2  
  49  4:41  Overlord  
  49  4:44  Baneling  
  47  5:07  Zergling x8  
  47  5:08  Zergling x8  
  51  5:23  Zergling x2  
  44  5:35  Zergling x2  
  44  5:36  Zergling x6  
  47  5:44  Spore Crawler  
  44  5:52  Queen  
  44  5:58  Queen, Spore Crawler x2  
  26  6:50  Drone x2  
  25  6:56  Baneling x2  
  25  6:57  Baneling x6  
  25  6:58  Baneling x2  
  25  7:00  Drone x3  
  14  7:46  Hatchery  
  14  7:50  Hatchery  
  12  9:05  Drone x2  
  14  9:16  Drone x2  
  16  9:22  Queen  
  18  9:24  Queen  
  18  9:26  Drone  
  21  9:41  Drone  
  21  9:42  Drone x2  
  24  10:25  Drone x3  
  24  10:26  Drone x3  
  30  10:37  Lair  
  30  10:38  Drone  
  30  10:39  Drone  
  30  10:41  Extractor  
  31  10:43  Extractor  
  31  10:46  Extractor  
  29  10:51  Drone x2  
  29  10:53  Hatchery  
  30  11:12  Drone x2  
  30  11:14  Drone x2  
  34  11:26  Spore Crawler  
  34  11:28  Spore Crawler  
  34  11:30  Spore Crawler  
  34  11:31  Drone x2  
  34  11:32  Drone x2  
  35  11:49  Spire  
  35  11:50  Queen  
  35  11:51  Spore Crawler  
  30  12:53  Spawning Pool  
  29  13:01  Corruptor x2  
  29  13:02  Corruptor x4  
  39  13:27  Corruptor  
  39  13:29  Drone x2, Hatchery  
  42  13:48  Zergling x8  
  44  13:53  Corruptor x2  
  44  14:11  Corruptor  
  45  14:21  Overlord x2  
  43  14:49  Zergling x2, Corruptor x2  
  43  14:51  Zergling x2  
  49  14:53  Drone  
  49  15:02  Zergling x2  
  49  15:04  Drone  
Show
View Real Time Build Order
Export as new Build Order

julien Protoss 

Build Orders: Oracle Opening 

Get SALT Encoding   

  12  0:00  Probe  
  13  0:12  Probe  
  14  0:18  Pylon  
  14  0:25  Probe  
  15  0:37  Probe (Chrono Boost)  
  15  0:42  Gateway  
  16  0:49  Probe (Chrono Boost)  
  17  0:57  Probe (Chrono Boost), Assimilator  
  18  1:00  Assimilator  
  18  1:03  Probe  
  19  1:15  Probe  
  20  1:27  Probe  
  21  1:34  Cybernetics Core  
  21  1:39  Probe  
  22  1:47  Pylon  
  22  1:51  Probe  
  22  1:52  Pylon  
  23  2:05  Probe  
  24  2:12  Stalker  
  26  2:17  Stargate  
  26  2:21  Probe  
  27  2:24  Warp Gate  
  27  2:40  Nexus  
  27  2:51  Forge  
  27  2:56  Probe  
  27  2:58  Oracle (Chrono Boost)  
  31  3:08  Probe  
  31  3:09  Sentry  
  34  3:25  Oracle (Chrono Boost)  
  37  4:07  Oracle (Chrono Boost)  
  40  4:23  Sentry  
  42  4:42  Photon Cannon x2  
  42  4:44  Photon Cannon  
  42  4:45  Shield Battery  
  42  4:46  Shield Battery  
  42  4:48  Pylon  
  31  5:23  Zealot  
  16  8:49  Probe  
  17  8:57  Probe  
  18  9:06  Probe  
  19  10:49  Void Ray  
  23  11:26  Void Ray  
Show
View Real Time Build Order
Export as new Build Order

Razaac Terran 

Build Orders:  

Get SALT Encoding   

  12  0:26  SCV  
  13  0:34  Refinery  
  13  0:36  Supply Depot  
  13  0:38  SCV  
  14  0:49  Refinery  
  14  0:50  SCV  
  15  1:00  Barracks  
  15  1:04  SCV  
  16  1:16  SCV  
  17  1:31  SCV  
  18  1:36  Supply Depot  
  18  1:43  SCV  
  19  1:55  SCV  
  19  1:59  Marine  
  19  2:00  Factory  
  21  2:08  Orbital Command  
  21  2:17  Marine  
  22  2:39  Marine  
  23  2:47  Hellion  
  23  2:48  Starport  
  23  2:50  SCV  
  26  3:02  SCV  
  26  3:32  Starport Tech Lab  
  26  3:33  Fusion Core  
  26  3:34  SCV  
  26  3:36  Starport  
  27  3:47  SCV  
  28  3:59  SCV  
  29  4:02  Supply Depot  
  29  4:04  Supply Depot  
  29  4:11  SCV  
  29  4:14  Starport Tech Lab  
  30  4:18  Supply Depot  
  30  4:26  Battlecruiser  
  36  4:42  Battlecruiser  
  42  4:52  Bunker  
  42  4:54  Marine  
  42  4:57  Bunker  
  43  5:10  SCV  
  43  5:12  Marine  
  43  5:14  Weapon Refit  
  43  5:26  Command Center  
  43  5:30  Marine, Medivac  
  46  5:47  Marine  
  46  5:48  Widow Mine, Refinery  
  49  5:52  Refinery, Battlecruiser  
  55  6:38  Battlecruiser  
  47  7:34  Battlecruiser  
  47  7:40  Supply Depot  
  47  7:50  Battlecruiser  
  53  7:54  SCV  
  53  7:58  Orbital Command  
  54  8:05  Marine  
  54  8:06  SCV  
  54  8:11  Widow Mine  
  58  8:19  SCV  
  59  8:23  Marine  
  59  8:24  SCV  
  61  8:27  Supply Depot  
  61  8:28  Supply Depot  
  61  8:30  Supply Depot  
  61  8:34  Command Center  
  61  8:36  SCV  
  61  8:39  SCV  
  61  8:41  Marine  
  65  8:48  SCV  
  65  9:02  Battlecruiser x2  
  77  9:34  Marine  
  77  9:36  Widow Mine, SCV x2  
  82  9:52  Marine  
  83  9:57  Widow Mine  
  85  10:06  Battlecruiser  
  91  10:10  Marine  
  91  10:12  Battlecruiser  
  92  10:42  Widow Mine  
  94  11:11  Battlecruiser  
  94  11:32  SCV x3  
  97  11:48  Battlecruiser  
  103  12:15  Battlecruiser  
  101  12:53  Battlecruiser  
  101  12:57  Marine  
  106  13:11  Supply Depot  
  106  13:12  Supply Depot x2  
  106  13:15  Marine  
  95  13:21  Battlecruiser  
  95  13:26  Supply Depot  
  101  13:58  Battlecruiser  
  106  14:26  Starport  
  106  14:27  Orbital Command  
  106  14:28  SCV x2  
  114  14:36  Marine  
  115  14:40  SCV  
  116  14:46  SCV  
  116  14:47  Engineering Bay  
  116  14:52  SCV  
  118  14:54  Marine  
Tags
 
Add a new tag
Caveats
  • Supply blocks, unpowered buildings, or Contaminate may cause inaccurate times.
  • Supply counts are checked every 10 seconds.